 Dungeon Crawl Stone Soup version 0.24.0-1-gfbc8707122 (webtiles) character file.

Game seed: 16810117259396490019, levelgen mode: deterministic

532 MTVSty1e the Cudgeler (level 7, -2/41 HPs)
             Began as a Gargoyle Fighter on Oct 28, 2019.
             Killed from afar by Dowan (11 damage)
             ... with a shard of ice
             ... on level 5 of the Dungeon.
             The game lasted 00:05:18 (3030 turns).

MTVSty1e the Cudgeler (Gargoyle Fighter)            Turns: 3030, Time: 00:05:19

Health: -2/41      AC: 11    Str: 22    XL:     7   Next: 24%
Magic:  7/7        EV:  7    Int:  8    God:
Gold:   149        SH:  9    Dex:  9    Spells: 6/6 levels left

rFire    . . .     SeeInvis +   a - +0 flail
rCold    . . .     Gourm    .   c - +0 shield
rNeg     + . .     Faith    .   b - +0 scale mail
rPois    ∞         Spirit   .   (no helmet)
rElec    +         Reflect  .   (no cloak)
rCorr    .         Harm     .   (no gloves)
MR       .....                  (no boots)
Stlth    ..........             (no amulet)
HPRegen  0.13/turn              h - ring of see invisible
MPRegen  0.10/turn              (no ring)

@: flying
A: negative energy resistance 1, electricity resistance, unbreathing,
petrification resistance, rot immunity, AC +4
a: no special abilities


You were on level 5 of the Dungeon.
You were not hungry.

You visited 1 branch of the dungeon, and saw 5 of its levels.

You collected 149 gold pieces.

Inventory:

Hand Weapons
 a - a +0 flail (weapon)
Armour
 b - a +0 scale mail (worn)
 c - a +0 shield (worn)
Jewellery
 h - a ring of see invisible (left hand)
Wands
 v - a wand of random effects (16)
Scrolls
 d - 2 scrolls of immolation {unknown}
 g - 3 scrolls of teleportation {unknown}
 i - 4 scrolls of identify {unknown}
 j - 3 scrolls of magic mapping {unknown}
 k - a scroll of fog {unknown}
 m - a scroll of random uselessness {unknown}
 o - a scroll of fear {unknown}
 p - 5 scrolls of remove curse {unknown}
 s - a scroll of amnesia {unknown}
 u - 2 scrolls of enchant weapon {unknown}
Potions
 e - a potion of berserk rage {unknown}
 l - a potion of brilliance {unknown}
 n - a potion of mutation {unknown}
 q - 2 potions of heal wounds {unknown}
 r - a potion of curing
Comestibles
 f - 5 rations
 t - 2 chunks of flesh


   Skills:
 - Level 3.2 Fighting
 + Level 7.7 Maces & Flails
 - Level 3.2 Armour
 - Level 3.2 Shields


You had 6 spell levels left.
You didn't know any spells.
Your spell library was empty.

Dungeon Overview and Level Annotations

Branches:
Dungeon (5/15)
 Temple: D:4-7

Altars:
Ashenzari
Cheibriados
Dithmenos
Fedhas
Hepliaklqana
Makhleb
Sif Muna
Xom

Annotations:
D:5 Dowan


Innate Abilities, Weirdness & Mutations

You are resistant to torment.
Your stone body is resilient. (AC +4)
You are immune to poison.
You resist negative energy. (rN+)
You are resistant to electric shocks. (rElec)
You can survive without breathing.
You are immune to petrification.
You are immune to rotting.


Message History

You block Dowan's attack.
Okay, then.
Dowan hits you with a +0 dagger.
* * * LOW HITPOINT WARNING * * *
You climb downwards.
There is a stone staircase leading up here.
It was a potion of flight.
You feel very buoyant.
You fly up into the air.
You block Dowan's attack.
Dowan mumbles some strange words.
Dowan blinks!
Okay, then.
Okay, then.
A worm comes into view.
Dowan gestures at you while chanting. The shard of ice misses you.
Found a ration.
Dowan points at you and mumbles some strange words.
The shard of ice hits you!
You die...

w#%... .#
.. .8 #.
.... ..
##. .#.##
.......#
#.#.#.#
#...#.#
#..#.#
#..@.#
####<#
#......#
#.##.e...#
# #.#####
#.. #.#
#.# #.#


You could see Dowan.

Vanquished Creatures
  Duvessa (D:4)
  A necrophage (D:4)
  2 ogres
  An orc priest (D:3)
  A hound (D:2)
  An orc wizard (D:3)
  An ooze (D:3)
  5 worms
  4 dart slugs
  2 leopard geckos
  2 orcs (D:3)
  11 bats
  A giant cockroach (D:2)
  3 goblins
  9 hobgoblins
  7 jackals
  4 kobolds
  A quokka (D:3)
  A ball python (D:1)
  4 frilled lizards
  A quokka skeleton (D:4)
  8 rats
71 creatures vanquished.

Notes
Turn   | Place    | Note
-------+----------+-------------------------------------------
     0 | D:1      | MTVSty1e the Gargoyle Fighter began the quest for the Orb.
     0 | D:1      | Reached XP level 1. HP: 14/14 MP: 1/1
    33 | D:1      | Reached XP level 2. HP: 18/19 MP: 2/2
   124 | D:1      | Reached skill level 3 in Maces & Flails
   307 | D:1      | Reached XP level 3. HP: 22/23 MP: 3/3
   749 | D:2      | Reached skill level 4 in Maces & Flails
   749 | D:2      | Reached XP level 4. HP: 13/28 MP: 4/4
  1124 | D:2      | Noticed an ogre
  1145 | D:2      | Killed an ogre
  1145 | D:2      | Reached skill level 5 in Maces & Flails
  1145 | D:2      | Reached XP level 5. HP: 31/32 MP: 5/5
  1511 | D:2      | Found a shadowy altar of Dithmenos.
  1511 | D:2      | Found a hazy altar of Hepliaklqana.
  1514 | D:2      | Found a snail-covered altar of Cheibriados.
  1514 | D:2      | Found a blossoming altar of Fedhas.
  1516 | D:2      | Found a shimmering altar of Xom.
  1516 | D:2      | Found a burning altar of Makhleb.
  1518 | D:2      | Found a shattered altar of Ashenzari.
  1948 | D:3      | Reached skill level 6 in Maces & Flails
  1948 | D:3      | Reached XP level 6. HP: 37/37 MP: 6/6
  2323 | D:3      | Found a shimmering blue altar of Sif Muna.
  2848 | D:4      | Noticed a necrophage
  2952 | D:4      | Killed a necrophage
  2952 | D:4      | Reached skill level 7 in Maces & Flails
  2952 | D:4      | Reached XP level 7. HP: 37/41 MP: 7/7
  2992 | D:4      | Noticed Dowan
  2993 | D:4      | Noticed Duvessa
  3019 | D:4      | Killed Duvessa
  3022 | D:4      | HP: 1/41 [Dowan/stone arrow (7)]
  3026 | D:5      | Entered Level 5 of the Dungeon
  3030 | D:5      | Killed from afar by Dowan

Levels and vault maps discovered:
D:1:      dpeg_arrival_rhombus, layout_rooms
D:2:      layout_loops_ring, grunt_temple_overflow_open,
          corexii_item_surrounded_by_moat, minmay_increasing_density
D:3:      layout_basic, lemuel_coloured_pillars_altar, first_ration
D:4:      layout_rooms, grunt_ministairs_3, serial_park_tiny_1,
          minmay_manual_monolith, uniq_duvessa, uniq_grinder
D:5:      layout_basic, chequers_temple_overflow_statue_of_worship,
          minmay_temple_entry_sparse_star, minmay_shop_mayhem,
          minmay_manual_maat

Skill      XL: |  1  2  3  4  5  6 |
---------------+-------------------+-----
Maces & Flails | 3 4 5 6 7 |  7.7
Fighting       | |  3.2
Armour         | |  3.2
Shields        | |  3.2

Action                   |  1- 3 |  4- 6 |  7- 9 || total
-------------------------+-------+-------+-------++-------
Melee: Flail             |    98 |   154 |    23 ||   275
Evoke: Wand              |       |     1 |       ||     1
  Use: Potion            |     1 |     1 |     2 ||     4
  Eat: Ration            |       |     1 |       ||     1
       Chunk             |       |     3 |     1 ||     4
Armor: Scale mail        |    86 |    98 |    18 ||   202
Dodge: Dodged            |    30 |    51 |     9 ||    90
Block: Shield            |    68 |    78 |    20 ||   166
